Map: Base du roi Sejong EC

Players

SashaLartsev

  • Race: Protoss Protoss
  • League: Silver
  • Spawn Location: 5:00

zidar - Winner!

  • Race: Zerg Zerg
  • League: Gold
  • Spawn Location: 11:00

VOD

Have the link to the VOD?

Description

Time

  • Played on: June 20, 2016, 11:12 a.m.
  • Length: 19:19
Show
View Real Time Build Order
Export as new Build Order

SashaLartsev Protoss 

Build Orders: Carriers 

Get SALT Encoding   

  12  0:02  Probe (Chrono Boost)  
  13  0:13  Pylon  
  13  0:18  Probe (Chrono Boost)  
  14  0:30  Probe (Chrono Boost)  
  15  0:35  Gateway  
  15  0:42  Assimilator  
  15  0:47  Probe (Chrono Boost)  
  16  0:53  Pylon  
  16  0:58  Probe (Chrono Boost)  
  17  1:05  Assimilator  
  17  1:24  Cybernetics Core  
  17  1:46  Nexus  
  17  1:53  Probe (Chrono Boost)  
  18  1:57  Assimilator  
  18  2:11  Probe (Chrono Boost)  
  18  2:13  Adept (Chrono Boost)  
  21  2:16  Warp Gate  
  21  2:24  Probe  
  21  2:28  Pylon  
  22  2:46  Adept (Chrono Boost)  
  24  2:53  Probe  
  25  3:03  Probe  
  25  3:05  Probe  
  27  3:07  Pylon  
  27  3:17  Mothership Core  
  29  3:20  Stargate  
  29  3:38  Probe  
  30  3:46  Adept (Chrono Boost), Probe  
  33  3:51  Gateway  
  31  3:57  Probe  
  32  4:06  Void Ray (Chrono Boost)  
  32  4:07  Probe  
  39  4:10  Adept  
  39  4:19  Pylon  
  39  5:02  Twilight Council  
  39  5:06  Gateway x2  
  39  5:15  Pylon  
  39  5:24  Nexus  
  39  5:34  Nexus, Void Ray (Chrono Boost)  
  43  5:54  Resonating Glaives  
  43  6:02  Pylon  
  43  6:08  Adept x2  
  45  6:19  Pylon  
  41  6:27  Pylon  
  41  6:28  Pylon  
  41  6:30  Zealot x3  
  45  6:44  Pylon  
  45  6:50  Zealot  
  43  7:05  Zealot x2  
  43  7:06  Zealot  
  39  7:25  Probe  
  40  7:36  Probe  
  40  7:46  Oracle, Probe  
  44  7:56  Dark Shrine  
  44  7:58  Stargate  
  44  8:02  Fleet Beacon  
  44  8:03  Probe  
  45  8:08  Adept x2  
  49  8:13  Probe  
  49  8:19  Gateway  
  50  8:26  Assimilator  
  50  8:29  Probe  
  51  8:40  Probe  
  50  9:00  Probe  
  48  9:06  Pylon  
  48  9:11  Probe  
  48  9:16  Dark Templar x2  
  59  9:26  Adept  
  59  9:28  Probe  
  62  9:33  Carrier  
  62  9:36  Probe  
  62  9:38  Assimilator  
  63  9:40  Pylon  
  63  9:46  Probe  
  68  10:53  Nexus  
  68  10:58  Adept x3  
  68  11:00  Adept  
  76  11:04  Carrier  
  76  11:10  Graviton Catapult  
  82  11:19  Pylon  
  80  11:27  Carrier  
  80  11:28  Pylon  
  80  11:32  Adept x3  
  86  11:47  Cybernetics Core  
  86  11:53  Protoss Air Weapons Level 1  
  86  12:00  Assimilator  
  86  12:02  Gateway  
  86  12:04  Probe  
  87  12:14  Probe  
  87  12:21  Gateway  
  88  12:24  Assimilator  
  88  12:25  Probe  
  89  12:31  Gateway  
  89  12:35  Probe  
  102  12:46  Probe  
  102  12:51  Protoss Air Armor Level 1  
  103  12:59  Carrier (Chrono Boost)  
  103  13:00  Forge  
  103  13:03  Carrier (Chrono Boost), Stalker  
  103  13:04  Stalker  
  107  13:26  Probe  
  107  13:27  Pylon  
  107  13:30  Mothership Core  
  110  13:36  Probe  
  111  13:42  Stargate  
  111  13:47  Probe, Photon Cannon  
  111  13:51  Pylon  
  118  14:11  Phoenix (Chrono Boost)  
  120  14:18  Adept x2  
  120  14:20  Carrier (Chrono Boost)  
  120  14:22  Adept, Probe  
  127  14:33  Probe  
  132  14:39  Void Ray (Chrono Boost), Protoss Ground Weapons Level 1  
  128  14:48  Oracle (Chrono Boost)  
  131  14:57  Photon Cannon  
  131  14:59  Photon Cannon  
  130  15:20  Oracle (Chrono Boost)  
  105  16:11  Sentry  
  105  16:12  Sentry x2  
  105  16:13  Nexus, Adept x3  
  114  17:22  Adept x3  
  118  17:23  Adept x3  
  118  17:28  Gateway  
  126  17:30  Gateway  
  126  17:53  Adept  
  126  17:54  Adept x4  
Show
View Real Time Build Order
Export as new Build Order

zidar Zerg - Winner!

Build Orders: Pool First, Lurkers 

Get SALT Encoding   

  12  0:01  Drone  
  13  0:12  Overlord  
  13  0:18  Drone  
  14  0:30  Drone x2  
  16  0:42  Spawning Pool  
  15  0:46  Drone  
  16  1:10  Hatchery  
  15  1:13  Extractor, Drone  
  15  1:25  Drone x3  
  18  1:37  Zergling x2  
  19  1:43  Queen  
  21  1:49  Overlord  
  21  1:59  Zergling x2  
  22  2:19  Zergling x2  
  22  2:20  Zergling x2  
  22  2:21  Metabolic Boost  
  24  2:25  Queen  
  26  2:36  Zergling x6  
  29  2:54  Zergling x12  
  35  3:33  Zergling x2  
  36  3:37  Overlord  
  36  3:38  Overlord x3  
  35  4:05  Drone x6  
  35  4:06  Drone  
  37  4:23  Drone  
  36  4:37  Hatchery  
  30  4:58  Spore Crawler  
  28  5:00  Lair, Spore Crawler  
  27  5:07  Spore Crawler  
  27  5:09  Drone x12  
  38  5:18  Extractor  
  37  5:26  Roach Warren  
  36  5:34  Drone x6  
  36  5:35  Extractor  
  41  5:36  Extractor  
  39  5:53  Zergling x2  
  39  5:54  Zergling x8  
  33  6:25  Zergling x12  
  33  6:26  Zergling x6  
  33  6:32  Queen  
  42  6:35  Roach  
  43  6:42  Zergling x2  
  40  7:19  Zergling x12  
  42  7:44  Zergling x8  
  42  7:48  Queen  
  47  7:55  Hydralisk Den  
  44  8:09  Roach x4  
  52  8:19  Drone x5  
  60  8:20  Drone x3  
  60  8:32  Hydralisk x2  
  60  9:03  Hydralisk x2  
  60  9:06  Overlord  
  60  9:07  Overlord x3  
  64  9:11  Lurker Den  
  64  9:16  Glial Reconstitution  
  64  9:20  Evolution Chamber  
  64  9:22  Drone x2  
  64  9:23  Evolution Chamber  
  64  9:29  Drone x4  
  64  9:30  Drone x5  
  73  9:44  Drone x4  
  73  9:45  Drone x3  
  79  10:00  Overseer  
  77  10:19  Pneumatized Carapace  
  75  10:21  Drone x12  
  75  10:22  Drone  
  75  10:26  Extractor  
  87  10:28  Extractor  
  86  10:41  Zerg Missile Weapons Level 1, Zerg Ground Armor Level 1  
  86  11:04  Drone x5  
  89  11:05  Drone  
  89  11:09  Hydralisk x3  
  98  11:12  Overlord x3  
  98  11:17  Hatchery  
  97  11:33  Hydralisk x8  
  97  11:38  Muscular Augments  
  113  11:51  Lurker  
  113  11:52  Lurker x6  
  120  11:57  Drone x2  
  120  12:00  Overlord x2  
  120  12:01  Overlord  
  122  12:25  Roach x5  
  122  12:26  Roach x7  
  122  12:28  Overlord x2  
  146  12:35  Zerg Missile Weapons Level 2  
  146  12:37  Zerg Ground Armor Level 2  
  146  12:49  Drone x3  
  146  12:50  Drone  
  150  12:53  Drone  
  151  13:02  Lurker x2  
  153  13:16  Overlord  
  153  13:17  Overlord x4  
  153  13:40  Infestation Pit  
  152  13:45  Drone  
  152  13:46  Drone  
  154  13:50  Overseer x2  
  154  13:54  Hydralisk  
  154  13:55  Hydralisk x3  
  158  13:56  Roach x7  
  158  13:57  Roach x8, Hydralisk  
  194  14:22  Extractor  
  193  14:24  Extractor  
  190  14:57  Hydralisk x4  
  190  14:58  Hydralisk  
  118  15:50  Hydralisk x15  
  118  15:51  Hydralisk x14  
  155  16:03  Hydralisk x4  
  153  16:25  Hive  
  153  16:29  Hydralisk x10  
  153  16:31  Overseer  
  153  16:32  Overseer  
  167  16:34  Hydralisk x2  
  163  16:49  Hydralisk x10  
  171  17:35  Overlord x3  
  171  17:54  Hydralisk  
  171  17:55  Hydralisk x12  
  151  18:26  Hydralisk  
  151  18:27  Hydralisk x6  
  133  18:28  Hydralisk x2  
Tags
 
Add a new tag
Caveats
  • Supply blocks, unpowered buildings, or Contaminate may cause inaccurate times.
  • Supply counts are checked every 10 seconds.